Cogmind - Beta 15 --- EXPLORER MODE // 2025.09.28 @ 16:47:55 Player: Beosis Result: Destroyed by G-34 Mercenary with Small Laser Performance ------------- Evolutions (0) 0 Regions Visited (2) 400 Robots Destroyed (21) 105 Value Destroyed (547) 547 Prototype IDs (2) 40 Alien Tech Used (0) 0 Bonus (0) 0 TOTAL SCORE: 1092 Bonus ------- None Cogmind --------- Core Integrity 0/250 Matter 285/300 Energy 100/100 System Corruption 0% Temperature Cool (6) Movement Core (250) Ox4 Location -10/Subcaves Parts ------- > --- POWER (1) -------- (None) > --- PROPULSION (2) --- (None) > --- UTILITY (3) ------ Medium Storage Unit Utility Shielding Weapon Shielding > --- WEAPON (2) ------- Small Laser Mace > --- INVENTORY (10) --- Ion Engine Improved Heat Sink Sensor Array Signal Interpreter Targeting Computer Propulsion Shielding Datajack Scrap Shield Fragment (46) Peak State ------------ > --- POWER ------------ Ion Engine > --- PROPULSION ------- Aluminum Leg Aluminum Leg > --- UTILITY ---------- Medium Storage Unit Utility Shielding Weapon Shielding > --- WEAPON ----------- Medium Laser Mace > --- INVENTORY -------- Ion Engine Aluminum Leg Improved Heat Sink Sensor Array Signal Interpreter Targeting Computer Propulsion Shielding Small Laser Datajack [Rating: 10] Favorites ----------- Power Ion Engine Engine Ion Engine Propulsion Aluminum Leg Leg Aluminum Leg Utility Weapon Shielding Storage Medium Storage Unit Protection Weapon Shielding Weapon Medium Laser Energy Gun Medium Laser Ballistic Gun Light Assault Rifle Impact Weapon Mace Special Melee Weapon Datajack Build | -11 -10 -10 ------- Run | Yrd Mat Sub Slots Evolved 1 | . 1 . Power . | . . . Propulsion . | . . . Utility 1 | . 1 . Weapon . | . . . Parts Attached 12 | 7 2 3 Power 1 | 1 . . Engine 1 | 1 . . Core . | . . . Reactor . | . . . Propulsion 3 | 2 . 1 Treads . | . . . Leg 3 | 2 . 1 Wheel . | . . . Hover . | . . . Flight . | . . . Utility 3 | 2 1 . Device . | . . . Storage 1 | 1 . . Processor . | . . . Hackware . | . . . Protection 2 | 1 1 . Artifact . | . . . Weapon 5 | 2 1 2 Energy Gun 2 | 1 . 1 Energy Cannon . | . . . Ballistic Gun 1 | 1 . . Ballistic Cannon . | . . . Launcher . | . . . Special Weapon . | . . . Impact Weapon 1 | . 1 . Slashing Weapon . | . . . Piercing Weapon . | . . . Special Melee Weapon 1 | . . 1 Unidentified Prototypes . | . . . Parts Lost 5 | . . 5 Power 1 | . . 1 Propulsion 3 | . . 3 Utility . | . . . Weapon 1 | . . 1 Highest Loss Streak 2 | . . 2 To Critical Strikes . | . . . Average Backups 8 | 3 8 8 Power . | . 1 1 Propulsion 1 | 1 1 . Utility 4 | 2 3 5 Weapon . | . 1 . Tool/Special . | . . . Unused Backups 8 | . 2 6 Power 1 | . . 1 Propulsion 2 | . 2 . Utility 5 | . . 5 Weapon . | . . . Tool/Special . | . . . Average Slot Usage (%) 94 | . 100 79 Engine 9 | . 12 1 Leg 22 | . 25 14 Storage 12 | . 12 12 Protection 25 | . 25 25 Energy Gun 11 | . 12 11 Ballistic Gun 5 | . 8 . Impact Weapon 6 | . 3 12 Peak Build Rating 10 | 7 10 10 Average Rating 8 | 5 9 8 On Entrance 5 | . 7 10 Naked Turns . | . . . Heaviest Build 21 | 19 21 21 Greatest Support 20 | 20 20 20 Greatest Overweight (x) 5 | . 1 5 Average Overweight (x) . | . . . Largest Inventory Capacity 10 | 10 10 10 Average Capacity 9 | 8 10 10 Most Carried 10 | 7 10 9 Average Carried 8 | 3 8 8 Final Capacity 10 | 10 10 10 Final Carried 9 | 7 9 8 Class Distribution -------------------- 100% | Hacker-Mutant Dominant Class ---------------- Hacker-Mutant | -10/Materials Hacker-Mutant | -10/Subcaves Resources | -11 -10 -10 ----------- Run | Yrd Mat Sub Matter Collected 321 | 174 137 10 Remotely . | . . . Salvage Created 708 | . 546 162 Parts 33 | . 30 3 Haulers Intercepted 2 | . 2 . Recyclers Shooed . | . . . Parts Field Recycled . | . . . Retrieved Matter . | . . . Parts Self-Destructed . | . . . Prevented . | . . . Kills | -11 -10 -10 ------- Run | Yrd Mat Sub Combat Hostiles Destroyed 16 | . 12 4 Melee 2 | . 1 1 Guns 9 | . 8 1 Classes Destroyed 7 | . 5 2 Worker 1 | . 1 . Hauler 2 | . 2 . Watcher 2 | . 2 . Swarmer 4 | . 4 . Grunt 9 | . 8 1 Sentry 1 | . . 1 Subdweller 2 | . . 2 Best Kill Streak 2 | . 2 1 Combat Bots Only 2 | . 2 1 Max Kills in Single Turn 1 | . 1 1 Gunslinging . | . . . Exploded . | . . . Melee 1 | . 1 1 Uniques/NPCs Destroyed . | . . . Combat | -11 -10 -10 -------- Run | Yrd Mat Sub Hostile Shots Fired 124 | . 40 84 Missed 38 | . 14 24 Hits 86 | . 26 60 Projectile 86 | . 26 60 Critical Strikes 2 | . . 2 Damage Taken 802 | . 168 634 Core 251 | . 23 228 Absorbed by Shields . | . . . Redirected to Shielding 55 | . 13 42 Ignored by Resistances 497 | . 114 383 Core Remaining (%) 100 | 100 . . Volleys Fired 42 | . 31 11 Largest 2 | . 2 1 Hottest 70 | . 70 50 Shots Fired 67 | . 56 11 Gun 67 | . 56 11 Cannon . | . . . Launcher . | . . . Special . | . . . Kinetic 25 | . 25 . Thermal 42 | . 31 11 Explosive . | . . . Electromagnetic . | . . . Robot Hit Streak 43 | . 38 43 Robot Miss Streak 1 | . 1 1 Penetration Max . | . . . Secondary Targets 1 | . 1 . Max Gunslinging Chain 1 | . 1 . Shots Hit Robots 88 | . 55 33 Core Hits 33 | . 28 5 Critical Kills 1 | . 1 . Critical Parts Destroyed 6 | . 3 3 Critical Strikes 8 | . 5 3 Burn 1 | . 1 . Smash 7 | . 4 3 Melee Attacks 36 | . 12 24 Impact 34 | . 12 22 Slashing . | . . . Piercing . | . . . Sneak Attacks . | . . . Combat Hostiles . | . . . Follow-up Attacks . | . . . Damage Inflicted 1634 | . 882 752 Guns 594 | . 475 119 Cannons . | . . . Explosions . | . . . Melee 990 | . 357 633 Ramming 50 | . 50 . Kinetic 99 | . 99 . Thermal 495 | . 376 119 Explosive . | . . . Electromagnetic . | . . . Impact 990 | . 357 633 Slashing . | . . . Piercing . | . . . Highest Corruption . | . . . Average Corruption . | . . . Corruption Purged . | . . . Corruption Blocked . | . . . Overload Shots . | . . . Overflow Damage 193 | . 116 77 Projectiles . | . . . Explosions . | . . . Melee 193 | . 116 77 Knockbacks 7 | . 1 6 Impact 7 | . 1 6 Kinetic . | . . . Secondary . | . . . Self-Inflicted Damage . | . . . Shots . | . . . Rammed . | . . . Targets Rammed 12 | . 12 . Kicked 12 | . 12 . Crushed . | . . . Highest Temperature 117 | . 117 . Average Temperature 27 | . 27 . Received Heat Transfer 456 | . 117 339 Siege Activations . | . . . Martial Activations . | . . . Shielding Activations . | . . . Robots Disrupted . | . . . Combat Hostiles . | . . . Robots Corrupted 5 | . 3 2 Combat Hostiles 5 | . 3 2 Parts Fried 5 | . 4 1 Impact Corruptions 10 | . 5 5 Robots Melted . | . . . Combat Hostiles . | . . . Parts Melted 1 | . 1 . Heat Transferred 1518 | . 1184 334 Parts Sabotaged . | . . . Parts Stolen . | . . . Parts Stripped . | . . . Power Chain Reactions . | . . . Alert | -11 -10 -10 ------- Run | Yrd Mat Sub Maximum Alert Level . | . . . Low Security (%) 100 | 100 100 . Level 1 . | . . . Level 2 . | . . . Level 3 . | . . . Level 4 . | . . . Level 5 . | . . . High Security . | . . . Max Security . | . . . Peak Influence 55 | . 55 . Initial . | . . . Average 9 | . 9 . Influence Increases 432 | . 382 50 Destroy 0b10 Robot/C 280 | . 240 40 Destroy 0b10 Robot/NC 25 | . 25 . Destroy Leader 78 | . 68 10 Trap Triggered on 0b10 10 | . 10 . Successful Hack 9 | . 9 . Lose Combat Pursuer 30 | . 30 . Influence Decreases 402 | . 377 25 Entered New Map 4 | . . 4 Time Decay 398 | . 377 21 Squads Dispatched 2 | . 2 . Investigation 2 | . 2 . Extermination . | . . . Reinforcement . | . . . Assault . | . . . Garrison . | . . . Intercept . | . . . Searches Triggered . | . . . Construction Impeded . | . . . Haulers Reinforced . | . . . Active Scanning Responses . | . . . Cargo Convoy Interrupts . | . . . Stealth | -11 -10 -10 --------- Run | Yrd Mat Sub Distress Signals 1 | . 1 . Communications Jammed . | . . . Distress Signals . | . . . Times Spotted 25 | . 20 5 Peak Tracking Total 3 | . 3 2 Tactical Retreats 2 | . 2 . Traps | -11 -10 -10 ------- Run | Yrd Mat Sub Traps Triggered . | . . . Indirectly . | . . . Trap Hack Attempts . | . . . Triggered . | . . . Disarmed . | . . . Reprogrammed 4 | . 4 . Reused 1 | . 1 . Traps Extracted . | . . . Installed . | . . . Triggered 1 | . 1 . Machines | -11 -10 -10 ---------- Run | Yrd Mat Sub Machines Disabled . | . . . Max in Single Turn . | . . . Machines Repaired . | . . . Machines Dismantled . | . . . Machines Sabotaged . | . . . Overloaded Fab Kills . | . . . Hacking | -11 -10 -10 --------- Run | Yrd Mat Sub Machines Accessed 10 | . 10 . Terminals 8 | . 8 . Fabricators . | . . . Repair Stations . | . . . Recycling Units 2 | . 2 . Scanalyzers . | . . . Garrison Access . | . . . Total Hacks 34 | . 34 . Successful 26 | . 26 . Failed 8 | . 8 . Catastrophic . | . . . Database Lockouts . | . . . Manual . | . . . Terminals 25 | . 25 . Fabricators . | . . . Repair Stations . | . . . Recycling Units 9 | . 9 . Scanalyzers . | . . . Garrison Access . | . . . Terminal Hacks 17 | . 17 . Robot Analysis 1 | . 1 . Prototype ID Bank 2 | . 2 . Alert Level 1 | . 1 . Locate Traps 4 | . 4 . Reprogram Traps 1 | . 1 . Dispatch Records 1 | . 1 . Transport Status 1 | . 1 . Reinforcement Status 1 | . 1 . Registered Components 1 | . 1 . Zone Layout 4 | . 4 . Fabricator Hacks . | . . . Repair Station Hacks . | . . . Recycling Unit Hacks 9 | . 9 . Process 4 | . 4 . Report Inventory 4 | . 4 . Retrieve Matter 1 | . 1 . Scanalyzer . | . . . Garrison Access Hacks . | . . . Unauthorized Hacks . | . . . Terminals . | . . . Fabricators . | . . . Repair Stations . | . . . Recycling Units . | . . . Scanalyzers . | . . . Garrison Access . | . . . Data Cores Recovered . | . . . Used . | . . . Hacking Detections 5 | . 5 . Full Trace Events 3 | . 3 . Feedback Events . | . . . Feedback Blocked . | . . . Robot Schematics Acquired . | . . . Robots Built . | . . . Authchips . | . . . Time . | . . . Total Robot Build Rating . | . . . Part Schematics Acquired . | . . . Parts Built . | . . . Authchips . | . . . Time . | . . . Total Part Build Rating . | . . . Parts Repaired . | . . . Time . | . . . Parts Recycled . | . . . Recycled Matter 251 | . 251 . Retrieved Matter . | . . . Retrieved Components . | . . . Parts Scanalyzed . | . . . Part Schematics Acquired . | . . . Parts Damaged . | . . . Bothacking | -11 -10 -10 ------------ Run | Yrd Mat Sub Used RIF Installer . | . . . Robots Hacked . | . . . Non-combat . | . . . Combat . | . . . Robot Hacks Applied . | . . . Relay Couplers Released . | . . . Fabnet Peak Effective % . | . . . Robots Rewired . | . . . Allies Hacked . | . . . Hacks Repelled . | . . . Allies | -11 -10 -10 -------- Run | Yrd Mat Sub Total Allies . | . . . Largest Group . | . . . Highest-Rated Group . | . . . Highest-Rated Ally . | . . . Total Orders . | . . . Ally Attacks . | . . . Total Damage . | . . . Kills . | . . . Allies Corrupted . | . . . Allies Melted . | . . . Intel | -11 -10 -10 ------- Run | Yrd Mat Sub Active Infowar (turns) . | . . . Robot Analysis Total 1 | . 1 . Derelict Logs Recovered 1 | . . 1 Drone Launches . | . . . Drone Recoveries . | . . . Exploration | -11 -10 -10 ------------- Run | Yrd Mat Sub Turns Passed 1933 | 99 1329 505 Spaces Moved 1015 | 82 722 211 Core 29 | 27 . 2 Treads . | . . . Legs 986 | 55 722 209 Wheels . | . . . Hover . | . . . Flight . | . . . Fastest Speed 50 | 50 120 120 Average Speed 146 | 96 139 188 Slowest Speed 300 | 120 190 300 Overloaded Moves . | . . . Propulsion Burnouts . | . . . Robots Hopped . | . . . Potential Cave-ins . | . . . Cave-ins Triggered . | . . . Exploration Rate (%) 34 | 4 84 14 Regions Visited 2 Branch Regions 1 Pre-discovered Areas . | . . . Known Exits Taken 2 | 1 1 . Unknown Exits Taken . | . . . Scrap Searched . | . . . Spaces Dug . | . . . Terrain Destroyed . | . . . Melee . | . . . Projectile . | . . . AOE . | . . . Terrain Rammed . | . . . Walls Destroyed . | . . . Machines Disabled . | . . . Actions | -11 -10 -10 --------- Run | Yrd Mat Sub Total 1339 | 101 970 268 Wait 201 | . 183 18 Move 1013 | 81 721 211 Hop . | . . . Pick Up 20 | 13 6 1 Fast Attach 1 | 1 . . Attach 10 | 6 2 2 Detach . | . . . Swap 1 | . . 1 Drop 3 | . 3 . Fire 42 | . 31 11 Melee 36 | . 12 24 Ram . | . . . Kick 12 | . 12 . Crush . | . . . Escape Stasis . | . . . Rewire . | . . . Trap . | . . . Miscellaneous . | . . . Route ------- -11/Scrapyard -10/Materials (discovered 5 exits: *Mat x3 / *Min / *Sub) -10/Subcaves History --------- Turn | Location | Event 14 | -11/Scrapyard | Identified exit to Materials 14 | -11/Scrapyard | Discovered exit to Materials (range 15) 100 | -11/Scrapyard | Entered Materials 100 | -10/Materials | Evolved 1 slot: Utility x1 311 | -10/Materials | Build established: Hacker-Mutant 584 | -10/Materials | Identified exit to Materials 584 | -10/Materials | Discovered exit to Materials (range 15) 612 | -10/Materials | Identified exit to Mines 612 | -10/Materials | Discovered exit to Mines (range 15) 838 | -10/Materials | Discovered exit to Materials (range 5) 1331 | -10/Materials | Discovered exit to Materials (range 4) 1414 | -10/Materials | Identified exit to Subcaves 1414 | -10/Materials | Discovered exit to Subcaves (range 8) 1429 | -10/Materials | Entered Subcaves 1430 | -10/Subcaves | Approached by a straggling Scientist 1537 | -10/Subcaves | Core integrity fell below 50% 1913 | -10/Subcaves | Core integrity fell below 20% 1934 | -10/Subcaves | Destroyed by G-34 Mercenary with Small Laser Last Messages --------------- JD-VRD(c): "We're getting close, I can feel it." Subatomizers dissect the Cobbler Unit. JD-VRD(c): "We're getting close, I can feel it." Med. Laser destroyed. G-47 Trooper suffers critical hit (Smash). Destroyed Imp. Heat Sink. G-47 Trooper system corrupted by crushing effect. Subatomizers dissect the Ion Engine. Jacked G-47 Trooper... Subatomizers dissect the Ion Engine. Aluminum Leg destroyed. G-47 Trooper suffers critical hit (Smash). Destroyed Lgt. Nuclear Core. Destroyed Aluminum Leg. G-47 Trooper system corrupted by crushing effect. G-47 Trooper knocked back. G-47 Trooper misfires. G-47 Trooper system terminally corrupted. Map ----- +----------------------------------------------------+ | ?????????????????????????????????????????????????? | | ???????#?????????????????????????????????????????? | | ??????# ?????????????????????????????????????????? | | ?????# ####?????????????????????????????????????? | | ????? ##????????????????????????????????????? | | ????? #????????????????????????????????????? | | ????? ##???????????????????????????????????? | | ?????? ##??????????????????????????????????? | | ?????? ???????????????????????????????????? | | ?????? ????????????????????????????????????? | | ?????## ?????????????????????????????????????? | | ??#### ???????????????????????? ??????????????? | | ?## ## #???????????????????????? ?????????????? | | ## ######???????????????? ? ?????????????? | | ## ##??????????????? ??????????????? | | ##?????????????# ???????????????? | | ## #???????????? ???????????????? | | ## #????????????% ????????????????? | | ##### ##??????????? ?????????????????? | | #???## #####??????? #?????????????????? | | ?????## % #??????? #?????????????????? | | ??????### #??????? #?????????????????? | | ???????## % ##?????? ##???? #??????????? | | ???????# #????## ### #??????????? | | ???# ##### ###### g % #??????????? | | ??# ##???### ##@ % #???????????? | | ? ???????# % % ## #???????????? | | ? ???????#### c % ####??????????????? | | ?## ##??????????### = #?????????????????? | | ??## #??????????????## *% #?????????????????? | | ???# ????????????????## ! %???????????????? | | ??? ??????????????????# % ?????????????? | | ???????????????????????# ???????????? | | ???????????????????????# ??????????? | | ???????????????????????# ?????????? | | ???????????????????????## ?????????? | | ????????????????????????## ?????????? | | ?????????????????????????## ## ??????????? | | ??????????????????????????? ##?# ??????????? | | ??????????????????????????? #???# # ????????????? | | ???????????????????????????=%???? ??????????????? | | ???????????????????????????%*????????????????????? | | ??????????????????????????? ?????????????????????? | | ?????????????????????????????????????????????????? | | ?????????????????????????????????????????????????? | | ?????????????????????????????????????????????????? | | ?????????????????????????????????????????????????? | | ?????????????????????????????????????????????????? | | ?????????????????????????????????????????????????? | | ?????????????????????????????????????????????????? | +----------------------------------------------------+ Best States ------------- Heat Dissipation 25 Energy Generation 10 Energy Capacity 250 Matter Stores 300 Matter Capacity 300 Sight Range 16 Terrain Scan Density 10 Resistance: KI 35 Resistance: TH 35 Resistance: EX 35 Resistance: EM 35 Resistance: I 35 Resistance: S 35 Resistance: P 35 Utility Shielding 33 Weapon Shielding 33 Evasion (%) 55 Offensive Hacking 20 Item Schematics ----------------- None Robot Schematics ------------------ None Fabricated ------------ Nothing Repaired ---------- Nothing Alien Tech Used ----------------- None Achievements -------------- None Challenges ------------ None Game ------ Seed ComponentInsulationPick Manual? 0 Play Time 00:23:21 Cumulative 26.8 hours Start 2025.08.26 @ 12:49:56 End 2025.09.28 @ 16:47:55 Sessions 3 Manual Loads 0 Difficulty Explorer Special Mode None Game No. 28 Rogue 16 Adventurer 1 Explorer 11 Win Type - Total 0 Types 0/0/0/0/0/0/0/0/0/0 Lore% 19 Gallery% 22 Achievement% 22 Wizard Run 0 Options --------- Layout 1 ASCII 0 Keyboard 0 Movement Numpad Keybinds 0 Fullscreen 1 Font 24/Smallcaps Map View 50x35 Zoom Use 0% Tactical HUD 0 Map Filters NONE Filters NONE Steam 1 RUN: b5296ab3-c4fe-47d9-929a-447e420a0a85